 Dungeon Sprint DCSS version 0.31-a0-1576-ga3383bade6 (webtiles) character file.

Game seed: 6884386062365590687

93 sircluck the Ruffian (level 4, -5/49 HPs)
             Began as a Troll Berserker on Jan 4, 2024.
             Was a Believer of Trog.
             Killed from afar by an oklob sapling (22 damage)
             ... with a splash of acid
             ... in the Dungeon (Sprint IV: "Fedhas' Mad Dash").
             The game lasted 00:00:18 (53 turns).

sircluck the Ruffian (Troll Berserker)                Turns: 53, Time: 00:00:18

Health: -5/49      AC:  4    Str: 27    XL:     4   Next: 36%
Magic:  3/3        EV: 10    Int:  3    God:    Trog [**....]
Gold:   54         SH:  0    Dex:  9    Spells: 3/3 levels left

rFire   . .          .
                       - Unarmed
rCold   . . .        (no shield)
rNeg    . . .        a - +0 animal skin
rPois   .            (helmet restricted)
rElec   .            (no cloak)
rCorr   .            (gloves unavailable)
SInv    .            (boots unavailable)
Will    .....        k - amulet of invisibility {+Inv}
Stlth   +            (no ring)
HPRegen 1.08/turn    (no ring)
MPRegen 0.08/turn

%: no teleportation
@: no status effects
A: large, unfitting armour, claws 3, regeneration 1, shaggy fur 1, tough skin 1
a: Renounce Religion, Evoke Invisibility, Berserk, Trog's Hand


You were in the Dungeon.
You worshipped Trog.
Trog was pleased with you.
You visited 1 branch You collected 54 gold pieces.

Inventory:

Armour
 a - a +0 animal skin (worn)
Jewellery
 k - the amulet of invisibility (around neck) {+Inv}
   (You found it in the Dungeon)

   [amulet of nothing]

   +Inv:      It lets you turn invisible.
Scrolls
 g - a scroll of blinking
 i - a scroll of identify {unknown}
 j - a scroll of fear {unknown}
Potions
 b - a potion of curing
 c - a potion of heal wounds
 d - a potion of haste
 e - 2 potions of magic
 f - a potion of berserk rage
 h - a potion of invisibility {unknown}


   Skills:
 + Level 4.8 Fighting
 + Level 4.8 Dodging
 + Level 5.8 Unarmed Combat


You had 3 spell levels left.
You didn't know any spells.
Your spell library was empty.

Dungeon Overview and Level Annotations

Branches:
Dungeon (1/1)

Altars:

Annotations:
D exclusion: oklob sapling


Innate Abilities, Weirdness & Mutations

You are too large for most types of armour.
You have claws for hands.
Your natural rate of healing is unusually fast.
You are covered in fur. (AC +1)
You have tough skin. (AC +1)


Message History

Increase (S)trength, (I)ntelligence, or (D)exterity?
You feel stronger. x3
Unknown command.
A scorpion comes into view.
Found the amulet of invisibility {+Inv}.
You see here 16 gold pieces.
You claw the scorpion!
The scorpion is severely wounded.
The scorpion stings you.
You scratch the scorpion.
You kill the scorpion!
Trog accepts your kill.
Your Fighting skill increases to level 4!
Your Dodging skill increases to level 4!
Your Unarmed Combat skill increases to level 5!
You have reached level 4!
Unknown command.
You now have 15 gold pieces.
You now have 31 gold pieces (gained 16).
You now have 37 gold pieces (gained 6).
You now have 54 gold pieces (gained 17).
i - a scroll labelled QUIDEH HYOMU
j - a scroll labelled TEB MUL REDYUK
k - the amulet of invisibility {+Inv} You start putting on your amulet.
You continue putting on the amulet of invisibility {+Inv}. x5
You finish putting on the amulet of invisibility {+Inv}.
k - the amulet of invisibility (around neck) {+Inv} You open the door.
An oklob sapling comes into view.
Marking area around an oklob sapling as unsafe for travelling.
Found 11 gold pieces.
Found 14 gold pieces.
The oklob sapling spits acid at you. The splash of acid hits you!!
Ouch! That really hurt!
There is an open door here.
The oklob sapling spits acid at you. The splash of acid hits you!!
You die...

##################
#<..P#.....#.....#
#PP..'..†..'.#...+
#PPPP#.....#.#...#
###############'##
+.@.# #$P$# #####


You could see an oklob sapling.

Vanquished Creatures
  A scorpion (D)
  An oklob sapling (D)
  A river rat (D)
  A rat (D)
4 creatures vanquished.

Notes
Turn   | Place    | Note
-------+----------+-------------------------------------------
     0 | D        | sircluck the Troll Berserker began the quest for the Orb.
     0 | D        | Reached XP level 1. HP: 22/22 MP: 0/0
    11 | D        | Reached XP level 2. HP: 26/31 MP: 1/1
    21 | D        | Noticed an oklob sapling
    23 | D        | Killed an oklob sapling
    23 | D        | Reached ** piety under Trog
    24 | D        | Reached skill level 4 in Unarmed Combat
    24 | D        | Reached XP level 3. HP: 39/39 MP: 2/2
    25 | D        | Noticed a scorpion
    25 | D        | Found the amulet of invisibility {+Inv}
    27 | D        | Killed a scorpion
    28 | D        | Reached skill level 5 in Unarmed Combat
    28 | D        | Reached XP level 4. HP: 44/49 MP: 3/3
    53 | D        | Killed from afar by an oklob sapling

Illustrated notes

Levels and vault maps discovered:
D:        dungeon_sprint_fedhas [sprint_temple]

Skill      XL: |  1  2  3 |
---------------+----------+-----
Fighting       | 3 4 |  4.8
Dodging        | 3 4 |  4.8
Unarmed Combat | 4 5 |  5.8

Action                     |  1- 3 |  4- 6 || total
---------------------------+-------+-------++-------
  Melee: Unarmed           |     6 |       ||     6
 Armour: Animal skin       |     3 |     2 ||     5

Table legend: (Time is in decaauts)
 A = Elapsed time spent in this place.
 B = Non-inter-level travel time spent in this place.
 C = Inter-level travel time spent in this place.
 D = Time resting spent in this place.
 E = Time spent auto-exploring this place.
 F = Levels seen in this place.
 G = Mean time per level.
                   A        B        C        D        E       F      G
               +--------+--------+--------+--------+--------+-----+--------+
         Total |     52 |     52 |      0 |      0 |     13 |   1 |   52.0 |
       Dungeon |     52 |     52 |      0 |      0 |     13 |   1 |   52.0 |
               +--------+--------+--------+--------+--------+-----+--------+

Top non-repeatable levels by time:
       D: 52 daAuts
